 Dungeon Crawl Stone Soup version 0.30-a0-964-gd452b5e7fa (webtiles) character file.

Game seed: 16886518179446294410

247 vishdafish the Conjurer (level 5, 30/35 HPs)
             Began as a Demonspawn Conjurer on Mar 30, 2023.
             Quit the game on level 3 of the Dungeon.
             The game lasted 00:02:26 (2829 turns).

vishdafish the Conjurer (Demonspawn Conjurer)       Turns: 2829, Time: 00:02:27

Health: 30/35      AC:  2    Str:  7    XL:     5   Next: 85%
Magic:  7/11       EV: 12    Int: 21    God:
Gold:   136        SH:  5    Dex: 12    Spells: 11/12 levels left

rFire   . . .      SeeInvis .    (no weapon)
rCold   . . .      Faith    .    (no shield)
rNeg    . . .      Spirit   .    a - +0 robe
rPois   .          Reflect  +    (no helmet)
rElec   .          Rampage  .    (no cloak)
rCorr   .                        (no gloves)
Will    .....                    (no boots)
Stlth   ++                       j - amulet of reflection
HPRegen 0.25/turn                (no ring)
MPRegen 0.12/turn                (no ring)

@: no status effects
A: ignite blood 1, sanguine armour 1
a: no special abilities


You were on level 3 of the Dungeon.
You visited 1 branch of the dungeon, and saw 3 of its levels.

You collected 136 gold pieces.

Inventory:

Armour
 a - a +0 robe (worn)
Jewellery
 j - an amulet of reflection (around neck)
 l - a ring of fire
Scrolls
 h - a scroll of fog
Potions
 c - a potion of haste {unknown}
 d - a potion of heal wounds {unknown}
 f - a potion of lignification {unknown}
 m - a potion of berserk rage {unknown}


   Skills:
 - Level 1.7 Dodging
 - Level 1.7 Stealth
 + Level 4.2 Spellcasting
 + Level 5.8 Conjurations


You had 11 spell levels left.
You knew the following spells:

 Your Spells              Type           Power      Damage    Failure   Level
a - Magic Dart            Conj           100%       1d8       1%          1

Your spell library contained the following spells:

 Spells                   Type           Power      Damage    Failure   Level
 Searing Ray              Conj           56%        2d6       1%          2
 Dazzling Flash           Conj/Hex       32%        N/A       11%         3
 Fulminant Prism          Conj/Hex       8%         3d7       34%         4
 Iskenderun's Mystic Bla  Conj/Tloc      16%        2d5       34%         4


Dungeon Overview and Level Annotations

Branches:
Dungeon (3/15)

Altars:


Innate Abilities, Weirdness & Mutations

Your demonic aura sometimes causes spilled blood to erupt in flames.
When seriously injured, your blood forms armour. (AC +0)


Message History

You kill the kobold!
You can't see any susceptible monsters within range! (Use Z to cast anyway.)
An endoplasm comes into view.
An endoplasm is nearby!
An endoplasm is nearby!
An endoplasm is nearby!
The magic dart hits the endoplasm.
The endoplasm is heavily wounded.
The endoplasm quivers.
The magic dart hits the endoplasm.
You kill the endoplasm!
Sigmund gestures at you while chanting. You resist with some effort.
Your Conjurations skill increases to level 5!
The magic dart hits Sigmund but does no damage.
The magic dart hits Sigmund.
Sigmund is lightly wounded.
The magic dart hits Sigmund.
Sigmund is moderately wounded.
The magic dart hits Sigmund.
Sigmund is heavily wounded.
The magic dart hits Sigmund.
Sigmund is severely wounded.
The magic dart hits Sigmund.
Sigmund is almost dead.
Sigmund gestures at you while chanting. The puff of flame hits you.
You are out of magic!
You are out of magic!
You are out of magic!
Magic courses through your body. Sigmund closely misses you.
The magic dart hits Sigmund but does no damage.
Sigmund is almost dead.
The magic dart hits Sigmund.
You kill Sigmund!
Your Spellcasting skill increases to level 4!
You have reached level 5!
Your demonic ancestry asserts itself...
Your blood heats up.
Are you sure you want to abandon this character and quit the game? (Confirm with "yes".)

.# #...........#####
.....###.......##.##
.......###[.......#
.......###.......##
.......†.........#####
.....................###
.......##).......#......
....)..#..#.#########(..
#@.##.# ##.. #.###.# #..
...# ..# ##. #.### .##
#. ... .. #. ..# ## ##
..# .$


There were no monsters in sight!

Vanquished Creatures
  Sigmund (D:3)
  3 gnolls
  An adder (D:3)
  A worm (D:2)
  2 endoplasms
  10 goblins
  6 hobgoblins
  4 quokkas
  4 ball pythons
  5 bats
  2 frilled lizards
  3 kobolds
  2 rats (D:1)
44 creatures vanquished.

Notes
Turn   | Place    | Note
-------+----------+-------------------------------------------
     0 | D:1      | vishdafish the Demonspawn Conjurer began the quest for the
                  | Orb.
     0 | D:1      | Reached XP level 1. HP: 13/13 MP: 3/3
   327 | D:1      | Gained mutation: When seriously injured, your blood forms
                  | armour. (AC +0) [demonic ancestry]
   327 | D:1      | Reached XP level 2. HP: 19/19 MP: 1/5
  1392 | D:2      | Reached XP level 3. HP: 24/24 MP: 4/7
  2354 | D:2      | Reached XP level 4. HP: 15/30 MP: 1/8
  2648 | D:3      | Noticed Sigmund
  2820 | D:3      | Reached skill level 5 in Conjurations
  2828 | D:3      | Killed Sigmund
  2829 | D:3      | Gained mutation: Your demonic aura sometimes causes spilled
                  | blood to erupt in flames. [demonic ancestry]
  2829 | D:3      | Reached XP level 5. HP: 30/35 MP: 7/11
  2829 | D:3      | Quit the game

Illustrated notes

Levels and vault maps discovered:
D:1:      dpeg_arrival_pits, layout_loops_corners
D:2:      layout_loops_corners, serial_bayou_lake_a
D:3:      layout_rooms, gammafunk_temple_overflow_elements, serial_shops, shop,
          hellmonk_ecumenical_altar_arch_garden, uniq_grinder, uniq_sigmund

Skill      XL: |  1  2  3  4 |
---------------+-------------+-----
Spellcasting   | 3 4 |  4.2
Conjurations   | 5 |  5.8
Dodging        | |  1.7
Stealth        | |  1.7

Action                     |  1- 3 |  4- 6 || total
---------------------------+-------+-------++-------
  Melee: Unarmed           |     9 |       ||     9
   Cast: Magic Dart        |    76 |    25 ||   101
    Use: Scroll            |       |     5 ||     5
         Potion            |       |     1 ||     1
 Armour: Robe              |     3 |       ||     3
  Dodge: Dodged            |    16 |     6 ||    22
  Block: Other             |     2 |     3 ||     5

Table legend: (Time is in decaauts)
 A = Elapsed time spent in this place.
 B = Non-inter-level travel time spent in this place.
 C = Inter-level travel time spent in this place.
 D = Time resting spent in this place.
 E = Time spent auto-exploring this place.
 F = Levels seen in this place.
 G = Mean time per level.
                   A        B        C        D        E       F      G
               +--------+--------+--------+--------+--------+-----+--------+
         Total |   2859 |   2742 |    117 |     66 |   2419 |   3 |  953.0 |
       Dungeon |   2859 |   2742 |    117 |     66 |   2419 |   3 |  953.0 |
               +--------+--------+--------+--------+--------+-----+--------+

Top non-repeatable levels by time:
     D:1: 1396 daAuts
     D:2: 1229 daAuts
     D:3: 233 daAuts
